 Dungeon Crawl Stone Soup version 0.29.1-13-g9f3cf754e1 (webtiles) character file.

Game seed: 1323975105618263755

278 Ayven the Covert (level 6, -2/30 HPs)
             Began as a Spriggan Brigand on Feb 9, 2023.
             Was a Follower of Trog.
             Slain by a gnoll
             ... wielding a +0 whip
              (6 damage)
             ... on level 3 of the Dungeon.
             The game lasted 00:32:41 (3878 turns).

Ayven the Covert (Spriggan Brigand)                 Turns: 3878, Time: 00:32:42

Health: -2/30      AC:  3    Str:  7    XL:     6   Next: 5%
Magic:  7/7        EV: 16    Int: 13    God:    Trog [*.....]
Gold:   153        SH:  0    Dex: 18    Spells: 5/5 levels left

rFire   . . .      SeeInvis +   f - +2 short sword (speed)
rCold   . . .      Faith    .   (no shield)
rNeg    . . .      Spirit   .   b - +0 robe
rPois   .          Reflect  .   (helmet restricted)
rElec   .          Harm     .   c - +0 cloak
rCorr   .          Rampage  .   (gloves unavailable)
Will    +....                   (boots unavailable)
Stlth   ++++......              e - amulet of magic regeneration
HPRegen 0.10/turn               (no ring)
MPRegen 0.50/turn               (no ring)

@: very quick
A: very small, no large weapons, unfitting armour, see invisible, speed 3
a: Renounce Religion, Berserk


You were on level 3 of the Dungeon.
You worshipped Trog.
Trog was aware of your devotion.
You visited 1 branch of the dungeon, and saw 3 of its levels.

You collected 153 gold pieces.

Inventory:

Hand Weapons
 a - a +2 dagger
 f - a +2 short sword of speed (weapon)
Armour
 b - a +0 robe (worn)
 c - a +0 cloak (worn)
Magical Staves
 d - a staff of earth
Jewellery
 e - an amulet of magic regeneration (around neck)
Scrolls
 g - a scroll of noise {unknown}
 j - a scroll of fear {unknown}
 n - a scroll of poison {unknown}
Potions
 h - a potion of lignification {unknown}
 i - a potion of haste {unknown}
 k - a potion of curing {unknown}
 l - a potion of might {unknown}
 m - 2 potions of magic {unknown}
 o - a potion of heal wounds {unknown}


   Skills:
 - Level 1.5 Fighting
 * Level 5.0 Short Blades
 - Level 2.0 Throwing
 - Level 1.3 Dodging
 + Level 9.1 Stealth


You had 5 spell levels left.
You didn't know any spells.
Your spell library contained the following spells:

 Spells                   Type           Power      Damage    Failure   Level
 Freeze                   Ice            0%         1d3       30%         1
 Sting                    Tmut/Pois      0%         1d3       30%         1
 Poisonous Vapours        Pois/Air       0%         N/A       43%         2
 Frozen Ramparts          Ice            0%         1d1       67%         3
 Ozocubu's Armour         Ice            0%         N/A       67%         3
 Hailstorm                Conj/Ice       0%         3d3       97%         4
 Olgreb's Toxic Radiance  Pois           0%         N/A       97%         4
 Metabolic Englaciation   Hex/Ice        0%         N/A       100%        5
 Simulacrum               Ice/Necr       0%         N/A       100%        6


Dungeon Overview and Level Annotations

Branches:
Dungeon (3/15)

Altars:
Trog

Annotations:
D:2 Robin, Sigmund


Innate Abilities, Weirdness & Mutations

You are very small and have problems with some larger weapons.
You are too small for most types of armour.
You have supernaturally acute eyesight. (SInv)
You cover ground extremely quickly. (Speed+++)


Message History

You hit the gnoll but do no damage. The gnoll misses you.
You hit the gnoll.
The gnoll is lightly wounded.
The gnoll closely misses you.
You hit the gnoll.
The gnoll is moderately wounded.
You hit the gnoll.
The gnoll is severely wounded.
The gnoll barely misses you.
You hit the gnoll.
You kill the gnoll!
Trog accepts your kill.
Your Short Blades skill increases to level 5!
You have reached level 6!
You closely miss the gnoll. The gnoll hits you with a +0 club.
You puncture the gnoll!
The gnoll is heavily wounded.
You hit the gnoll.
You kill the gnoll!
Trog accepts your kill. The gnoll hits you with a +0 whip.
You hit the gnoll.
The gnoll is moderately wounded.
The gnoll hits you with a +0 whip.
* * * LOW HITPOINT WARNING * * *
You barely miss the gnoll.
The gnoll is moderately wounded.
You barely miss the gnoll.
The gnoll is moderately wounded.
The gnoll misses you.
You hit the gnoll.
The gnoll is heavily wounded.
You hit the gnoll.
The gnoll is severely wounded.
The gnoll hits you with a +0 whip.
* * * LOW HITPOINT WARNING * * *
You barely miss the gnoll.
The gnoll is severely wounded.
The gnoll hits you with a +0 whip.
You die...

#############
############
#.....<.....#
#...........
#.#########.#
#.########## #.# #.# #...
######.#######.# ### #.#.
#......g@......###.###.#.
#.####.##.#.#####........
#.# #.##.#.# ##.......
#####.# #.##.#.# #..##.#.
#.....#
#.##.#.######..##.#.
#.#####
#.##.#.........##.#. #.#
#.##......###....... #.#
#.#######.# #..#.... #.#
#.# #.# #...###.


You could see a gnoll.

Vanquished Creatures
  Terence (D:3)
  Jessica (D:2)
  Ijyb (D:3)
  Natasha (twice) (D:3)
  5 gnolls
  2 adders
  A dart slug (D:3)
  9 orcs (D:3)
  5 endoplasms
  5 goblins
  5 hobgoblins
  8 jackals
  7 kobolds
  A quokka (D:2)
  6 ball pythons
  6 bats
  4 frilled lizards
  3 rats
72 creatures vanquished.

Notes
Turn   | Place    | Note
-------+----------+-------------------------------------------
     0 | D:1      | Ayven the Spriggan Brigand began the quest for the Orb.
     0 | D:1      | Reached XP level 1. HP: 10/10 MP: 2/2
    62 | D:1      | Reached skill level 6 in Stealth
    98 | D:1      | Reached XP level 2. HP: 14/14 MP: 3/3
   366 | D:1      | Reached skill level 7 in Stealth
   662 | D:1      | Reached XP level 3. HP: 17/18 MP: 4/4
   893 | D:1      | Found a faded altar of an unknown god.
   953 | D:1      | Prayed at the altar of an unknown god.
   953 | D:1      | Became a worshipper of Trog the Wrathful
   953 | D:1      | Reached * piety under Trog
  1515 | D:2      | Noticed Jessica
  1521 | D:2      | Killed Jessica
  1581 | D:2      | Reached XP level 4. HP: 22/22 MP: 5/5
  1641 | D:2      | HP: 1/22 [adder (4)]
  2011 | D:2      | Reached skill level 8 in Stealth
  2131 | D:2      | Noticed Sigmund
  2544 | D:2      | Noticed Robin
  2654 | D:3      | Noticed Terence
  2680 | D:3      | Killed Terence
  2681 | D:3      | Reached XP level 5. HP: 7/25 MP: 6/6
  3008 | D:3      | Noticed Natasha
  3016 | D:3      | Killed Natasha
  3742 | D:3      | Noticed Natasha
  3749 | D:3      | Killed Natasha
  3788 | D:3      | Noticed Ijyb
  3857 | D:3      | Killed Ijyb
  3858 | D:3      | Reached skill level 9 in Stealth
  3868 | D:3      | Reached skill level 5 in Short Blades
  3868 | D:3      | Reached XP level 6. HP: 20/30 MP: 7/7
  3878 | D:3      | Slain by a gnoll

Illustrated notes

Levels and vault maps discovered:
D:1:      dpeg_arrival_pits, layout_basic, shapermc_ecumenical_altar_venn
D:2:      layout_loops_ring, uniq_jessica, uniq_robin, uniq_sigmund
D:3:      minmay_wonky_spiral, layout_loops_ring,
          hangedman_abyss_or_decor_stabs, uniq_natasha, uniq_ijyb, uniq_terence

Skill      XL: |  1  2  3  4  5 |
---------------+----------------+-----
Stealth        | 6 7 8 9 |  9.1
Short Blades   | 3 4 5 |  5.0
Fighting       | |  1.5
Throwing       | |  2.0
Dodging        | |  1.3

Action                   |  1- 3 |  4- 6 || total
-------------------------+-------+-------++-------
Melee: Dagger            |    46 |       ||    46
       Short sword       |    14 |   148 ||   162
       Punch             |       |     1 ||     1
Throw: Dart              |    43 |    10 ||    53
Invok: Berserk           |     1 |     1 ||     2
 Stab: Sleeping          |    10 |     6 ||    16
       Distracted        |       |     1 ||     1
Armor: Robe              |     9 |    10 ||    19
Dodge: Dodged            |    39 |    69 ||   108
